 Dungeon Crawl Stone Soup version 0.14-a0-1403-g5d3c58f (webtiles) character file.

1109 PolkaDot the Cutter (level 7, 0/56 HPs)
             Began as a Vampire Death Knight on Dec 10, 2013.
             Was a Believer of Yredelemnul.
             Slain by an orc
             ... wielding a -1,+0 orcish flail
              (6 damage)
             ... on Level 5 of the Dungeon.
             The game lasted 00:19:20 (3398 turns).

PolkaDot the Cutter (Vampire Death Knight)          Turns: 3398, Time: 00:19:20

HP   0/56        AC  7     Str 12      XL: 7   Next: 92%
MP  10/10        EV 15     Int 12 (13) God: Yredelemnul [**....]
Gold 148         SH  0     Dex 15      Spells:  0 memorised,  6 levels left

rFire  . . .     SeeInvis +     a - +0 cutlass (curse)
rCold  + . .     Clarity  .     p - +2 robe {MR+}
rNeg   + . .     Conserve .     (no shield)
rPois  .         rCorr    .     (no helmet)
rElec  .         rRot     .     (no cloak)
SustAb . .       Spirit   .     o - +1 pair of gloves
rMut   .         Warding  .     (no boots)
Saprov . . .     Stasis   .     (no amulet)
                                m - ring of protection from magic
                                f - cursed ring of protection from cold

@: very resistant to hostile enchantments, unstealthy
A: bottle blood, fangs 3, thin metallic scales 1, see invisible, deformed body,
unbreathing
a: Bat Form, Bottle Blood, Animate Remains, Recall Undead Slaves, Injury Mirror,
Renounce Religion


You were on level 5 of the Dungeon.
You worshipped Yredelemnul.
Yredelemnul was pleased with you.
You were not thirsty.

You visited 1 branch of the dungeon, and saw 5 of its levels.

You collected 148 gold pieces.

Inventory:

Hand weapons
 a - a cursed +0,+0 cutlass (weapon)
Armour
 o - a +1 pair of gloves (worn)
 p - a +2 robe of magic resistance (worn)
Scrolls
 g - a scroll of teleportation {unknown}
 h - a scroll of random uselessness {unknown}
 k - 2 scrolls of remove curse {unknown}
 l - a scroll of enchant weapon I {unknown}
 q - a scroll of blinking {unknown}
 s - a scroll of immolation {unknown}
 x - a scroll of curse armour {unknown}
Jewellery
 f - a cursed ring of protection from cold (left hand)
 m - a ring of protection from magic (right hand)
Potions
 d - a potion of restore abilities
 u - a potion of mutation
Books
 n - a book of Wizardry

   Spells                             Type                      Level
   Summon Elemental                   Summoning                    4
   Agony                              Necromancy                   5
   Force Lance                        Conjuration                  5
   Fireball                           Conjuration/Fire             5
   Haste                              Charms                       6
   Invisibility                       Hexes                        6


   Skills:
 - Level 5.0 Fighting
 + Level 6.2 Short Blades
 - Level 0.7 Armour
 - Level 5.4 Dodging
 + Level 2.8 Invocations


You had 6 spell levels left.
You didn't know any spells.

Dungeon Overview and Level Annotations

Branches:
Dungeon (5/16)
 Temple: D:4-7

Altars:
Fedhas

Annotations:
D:5 Pikel


Innate Abilities, Weirdness & Mutations

You can bottle blood from corpses.
You have razor-sharp teeth.*
You have supernaturally acute eyesight.
You can survive without breathing.*
You are partially covered in thin metallic scales (AC +2).*
Armour fits poorly on your strangely shaped body.*


Message History

The slave is severely wounded.
The slave completely misses you.
You closely miss the slave.
The slave is severely wounded.
The slave hits you.
* * * LOW HITPOINT WARNING * * *
There is an open door here.
There is a stone staircase leading up here.
There is an open door here.
The orc shouts!
Found a stone staircase leading down.
You hit the orc but do no damage. You bite the orc.
The orc is heavily wounded.
The slave hits you.
* * * LOW HITPOINT WARNING * * *
You hit the orc but do no damage. Your bite misses the orc.
The orc is heavily wounded.
The orc hits you with an orcish flail.
You die...
Yredelemnul claims you as an undead slave.

######'## ###.# #...#
##.### # #..# ###o##
###.########
>.....###..@.......#
z......o.#..........#
#@#..........# ..>
#@#..........#
#.......
#............#
#........
###..........#
#....... #..<.......#
%..... ############
.... ..## ###..###


You could see a slave, 2 orcs and an orc zombie.

Vanquished Creatures
  Grinder (D:3)
  Eustachio (D:4)
  Edmund (D:4)
  A slave (D:5)
  An ogre (D:4)
  Sigmund (D:4)
  Blork the orc (D:4)
  2 hounds (D:4)
  2 orc wizards
  A lemure (D:4)
  6 adders
  A green rat (D:4)
  2 giant mites
  A giant eyeball (D:4)
  A giant gecko (D:1)
  7 orcs
  A ball python (D:4)
  7 bats
  4 giant cockroaches
  2 grey rats (D:4)
  9 hobgoblins
  6 jackals (D:3)
  9 kobolds
  A giant gecko skeleton (D:5)
  3 giant newts (D:1)
  6 goblins
  A goblin skeleton (D:4)
  A kobold skeleton (D:4)
  8 rats
88 creatures vanquished.

Vanquished Creatures (collateral kills)
  An orc priest (D:5)
  A worker ant (D:4)
  2 adders (D:4)
  A worm (D:2)
  2 goblins
  2 bats (D:4)
  2 jackals (D:3)
11 creatures vanquished.

Vanquished Creatures (others)
  An ogre skeleton (D:4)
  A hound skeleton (D:5)
  A human zombie (D:4)
  An adder skeleton (D:4)
  An orc (D:5)
  A bat skeleton (D:4)
  3 giant cockroach zombies
  A hobgoblin zombie (D:4)
  2 jackal zombies (D:4)
  3 kobold zombies
  An orc zombie (D:4)
16 creatures vanquished.

Grand Total: 115 creatures vanquished

Notes
Turn   | Place    | Note
--------------------------------------------------------------
     0 | D:1      | PolkaDot, the Vampire Death Knight, began the quest for the Orb.
     0 | D:1      | Reached XP level 1. HP: 16/16 MP: 1/1
   243 | D:1      | Reached XP level 2. HP: 16/22 MP: 2/2
   779 | D:2      | Reached XP level 3. HP: 13/27 MP: 4/4
   872 | D:2      | Found a blossoming altar of Fedhas.
  1089 | D:2      | Reached skill level 3 in Short Blades
  1280 | D:3      | Noticed Grinder
  1293 | D:3      | Gained mutation: You are partially covered in thin metallic scales (AC +2). [potion of mutation]
  1293 | D:3      | Gained mutation: Armour fits poorly on your strangely shaped body. [potion of mutation]
  1296 | D:3      | Paralysed by Grinder for 7 turns
  1313 | D:3      | Killed Grinder
  1313 | D:3      | Reached skill level 4 in Short Blades
  1313 | D:3      | Reached skill level 5 in Dodging
  1313 | D:3      | Reached XP level 4. HP: 11/33 MP: 2/5
  1313 | D:3      | Reached XP level 5. HP: 12/38 MP: 2/6
  1351 | D:3      | Reached XP level 6. HP: 4/44 MP: 8/8
  1662 | D:3      | Acquired Yredelemnul's second power
  2015 | D:4      | Noticed Edmund
  2163 | D:4      | Noticed Eustachio
  2164 | D:4      | Somebody: Hi. I am very proud of my rc file now.
  2164 | D:4      | PolkaDot: :D
  2204 | D:4      | Somebody: It contains a few well thought over autopickup and autoinscription options, as well as several great things I copied from the rc files of several great players.
  2204 | D:4      | PolkaDot: good things :)
  2204 | D:4      | PolkaDot: should make winning easier eh ;)
  2204 | D:4      | Somebody: My fauvorite is probably a change of autopickup behaviour when you are in a Ziggurat or Pandemonuim.
  2204 | D:4      | PolkaDot: oh?
  2277 | D:4      | Killed Eustachio
  2277 | D:4      | Reached skill level 5 in Short Blades
  2277 | D:4      | Reached XP level 7. HP: 34/52 MP: 9/9
  2423 | D:4      | Your ally Eustachio died
  2435 | D:4      | Killed Edmund
  2569 | D:4      | Noticed Sigmund
  2583 | D:4      | Killed Sigmund
  2897 | D:4      | Noticed Blork the orc
  2936 | D:4      | Killed Blork the orc
  2936 | D:4      | Reached skill level 5 in Fighting
  2936 | D:4      | Reached skill level 6 in Short Blades
  3120 | D:5      | Entered Level 5 of the Dungeon
  3142 | D:5      | Somebody: Take a look for yourself. http://crawl.lantea.net/crawl/rcfiles/crawl-git/Somebody.rc
  3142 | D:5      | Somebody: I'll get back to my rc file and then see you again later.
  3306 | D:5      | Noticed Pikel
  3363 | D:5      | HP: 1/56 [slave[Pikel] (6)]
  3398 | D:5      | Slain by an orc

Action                   |  1- 3 |  4- 6 |  7- 9 || total
-------------------------+-------+-------+-------++-------
Melee: Short sword       |    99 |    39 |       ||   138
       Cutlass           |       |   134 |   161 ||   295
Invok: Animate Remains   |     7 |    13 |     5 ||    25
       Recall Undead Sla |       |     1 |     3 ||     4
       Injury Mirror     |       |       |     1 ||     1
  Use: Potion            |     4 |     4 |     8 ||    16
       Scroll            |     1 |       |    11 ||    12
 Stab: Distracted        |     1 |     1 |     3 ||     5
